 Dungeon Crawl Stone Soup version 0.23-a0-484-g29ba69c (webtiles) character file.

66 XanderDroid the Thaumaturge (level 4, 0/34 HPs)
             Began as a Gnoll Wanderer on Nov 30, 2018.
             Was an Initiate of Ashenzari.
             Shot with an arrow by a centaur (6 damage)
             ... on level 3 of the Dungeon.
             The game lasted 00:06:51 (2391 turns).

XanderDroid the Thaumaturge (Gnoll Wanderer)        Turns: 2391, Time: 00:06:51

Health: 0/34       AC:  7    Str: 16    XL:     4   Next: 15%
Magic:  15/15      EV: 11    Int: 13    God:    Ashenzari [......]
Gold:   85         SH:  0    Dex: 15    Spells: 20/21 levels left

rFire    . . .     SeeInvis .   a - +1 dagger (flame)
rCold    . . .     Gourm    .   (no shield)
rNeg     . . .     Faith    .   h - +0 ring mail
rPois    .         Spirit   .   j - +0 helmet
rElec    .         Reflect  .   (no cloak)
rCorr    .         Harm     .   (no gloves)
MR       .....                  (no boots)
Stlth    ++........             (no amulet)
HPRegen  0.11/turn              d - ring of stealth
MPRegen  0.14/turn              (no ring)

@: no status effects
A: distributed training, fangs 1, strong nose
a: Curse Item, Renounce Religion


You were on level 3 of the Dungeon.
You worshipped Ashenzari.
Ashenzari was noncommittal.
You were not hungry.

You visited 1 branch of the dungeon, and saw 3 of its levels.

You collected 85 gold pieces.

Inventory:

Hand Weapons
 a - a +1 dagger of flaming (weapon)
 b - a +2 blowgun
Missiles
 c - a curare-tipped needle
Armour
 h - a +0 ring mail (worn)
 j - a +0 helmet (worn)
Jewellery
 d - a ring of stealth (left hand)
Scrolls
 i - a scroll of amnesia {unknown}
 l - a scroll of remove curse
 n - a scroll of enchant armour {unknown}
 o - a scroll of identify {unknown}
 q - 2 scrolls of fear {unknown}
Potions
 e - a potion of flight {unknown}
 g - a potion of brilliance {unknown}
 k - a potion of berserk rage {unknown}
 m - a potion of magic {unknown}
 r - a potion of mutation {unknown}
Comestibles
 f - 6 rations
 p - 5 chunks of flesh


   Skills:
 + Level 2.7 Fighting
 + Level 1.0 Short Blades
 + Level 1.0 Long Blades
 + Level 1.0 Axes
 + Level 1.0 Maces & Flails
 + Level 1.0 Polearms
 + Level 1.0 Staves
 + Level 1.0 Slings
 + Level 1.0 Bows
 + Level 1.0 Crossbows
 + Level 2.7 Throwing
 + Level 4.6 Armour
 + Level 1.0 Dodging
 + Level 1.0 Stealth
 + Level 1.0 Shields
 + Level 1.0 Unarmed Combat
 + Level 9.3 Spellcasting
 + Level 0.7 Conjurations
 + Level 0.7 Hexes
 + Level 0.7 Charms
 + Level 0.7 Summonings
 + Level 0.7 Necromancy
 + Level 0.7 Translocations
 + Level 2.2 Transmutations
 + Level 0.7 Fire Magic
 + Level 0.7 Ice Magic
 + Level 0.7 Air Magic
 + Level 0.7 Earth Magic
 + Level 0.7 Poison Magic
 + Level 1.1 Invocations
 + Level 2.7 Evocations


You had 20 spell levels left.
You knew the following spells:

 Your Spells              Type           Power        Failure   Level  Hunger
a - Flame Tongue          Conj/Fire      #....        16%         1    None

Your spell library contained the following spells:

 Spells                   Type           Power        Failure   Level  Hunger
 Beastly Appendage        Tmut           ##....       9%          1    None
 Spider Form              Tmut/Pois      #.........   34%         3    ##.....
 Conjure Flame            Conj/Fire      #.......     43%         3    ##.....


Dungeon Overview and Level Annotations

Branches:
Dungeon (3/15)

Altars:
Ashenzari
Fedhas
Sif Muna
Wu Jian
Zin


Innate Abilities, Weirdness & Mutations

Your experience applies equally to all skills.
You have very sharp teeth.
Your uncanny sense of smell can sniff out nearby items.


Message History

p - 5 chunks of flesh (gained 1)
You see here a rat skeleton.
Found a stone staircase leading down.
Okay, then.
Unknown command.
Okay, then.
Unknown command.
Found an escape hatch in the floor.
Found a white potion.
Found a ration.
r - a white potion The centaur wields a +0 shortbow.
The centaur shoots an arrow.
The arrow hits you!
You see here an arrow.
The centaur shoots an arrow.
The arrow hits you.
You see here an arrow.
The centaur shoots an arrow.
The arrow hits you!
* * * LOW HITPOINT WARNING * * *
The centaur shoots an arrow.
The arrow hits you.
You die...

##### .. . #...#...> . .
+...+.... .##. #...#....
#######.. +...+....
+#..c..#.# #...#....
.......#.#######........
......%.................
.......@((..............
........................
........................
.......#+#######........
....##. #........ ....
#. ######### ... #. ##
#.


You could see a centaur.

Vanquished Creatures
  A gnoll (D:1)
  An adder (D:3)
  A dart slug (D:1)
  3 leopard geckos
  An orc (D:2)
  5 bats
  A giant cockroach (D:2)
  3 goblins
  6 hobgoblins
  7 jackals (D:1)
  2 frilled lizards
  A kobold (D:1)
  7 rats
39 creatures vanquished.

Notes
Turn   | Place    | Note
-------+----------+-------------------------------------------
     0 | D:1      | Reached skill level 9 in Spellcasting
     0 | D:1      | XanderDroid the Gnoll Wanderer began the quest for the Orb.
     0 | D:1      | XanderDroid set off with the following items: 2
                  | curare-tipped needles, a +2 blowgun, a +0 robe, a ration;
                  | and the following spells available to memorise: Beastly
                  | Appendage, Flame Tongue, Spider Form, Conjure Flame
     0 | D:1      | Reached XP level 1. HP: 17/17 MP: 10/10
     2 | D:1      | Learned a level 1 spell: Flame Tongue
   325 | D:1      | Reached XP level 2. HP: 12/23 MP: 12/12
   723 | D:1      | Reached XP level 3. HP: 24/28 MP: 13/13
  1206 | D:1      | Reached skill level 1 in Invocations
  1776 | D:2      | Found a glowing silver altar of Zin.
  1780 | D:2      | Found a blossoming altar of Fedhas.
  1781 | D:2      | Found an ornate altar of the Wu Jian Council.
  1781 | D:2      | Found a shattered altar of Ashenzari.
  1784 | D:2      | Found a deep blue altar of Sif Muna.
  1792 | D:2      | Became a worshipper of Ashenzari the Shackled
  2233 | D:3      | Noticed a centaur
  2252 | D:2      | Reached skill level 1 in Short Blades
  2252 | D:2      | Reached skill level 1 in Long Blades
  2252 | D:2      | Reached skill level 1 in Axes
  2252 | D:2      | Reached skill level 1 in Maces & Flails
  2252 | D:2      | Reached skill level 1 in Polearms
  2252 | D:2      | Reached skill level 1 in Staves
  2252 | D:2      | Reached skill level 1 in Slings
  2252 | D:2      | Reached skill level 1 in Bows
  2252 | D:2      | Reached skill level 1 in Crossbows
  2252 | D:2      | Reached skill level 1 in Dodging
  2252 | D:2      | Reached skill level 1 in Stealth
  2252 | D:2      | Reached skill level 1 in Shields
  2252 | D:2      | Reached skill level 1 in Unarmed Combat
  2336 | D:3      | Reached XP level 4. HP: 33/34 MP: 15/15
  2391 | D:3      | Shot with an arrow by a centaur

Vault maps used:
D:1:      dpeg_arrival_chambers_temple_mockup, grunt_decor_cap,
          minmay_misc_feat_room
D:2:      minitemple
D:3:      first_ration, minmay_crystal_water

Skill      XL: |  1  2  3 |
---------------+----------+-----
Spellcasting   | |  9.3
Transmutations | 2 |  2.2
Invocations    | 1 |  1.1
Short Blades   | 1 |  1.0
Long Blades    | 1 |  1.0
Axes           | 1 |  1.0
Maces & Flails | 1 |  1.0
Polearms       | 1 |  1.0
Staves         | 1 |  1.0
Slings         | 1 |  1.0
Bows           | 1 |  1.0
Crossbows      | 1 |  1.0
Dodging        | 1 |  1.0
Stealth        | 1 |  1.0
Shields        | 1 |  1.0
Unarmed Combat | 1 |  1.0
Fighting       | |  2.7
Throwing       | |  2.7
Armour         | |  4.6
Conjurations   | |  0.7
Hexes          | |  0.7
Charms         | |  0.7
Summonings     | |  0.7
Necromancy     | |  0.7
Translocations | |  0.7
Fire Magic     | |  0.7
Ice Magic      | |  0.7
Air Magic      | |  0.7
Earth Magic    | |  0.7
Poison Magic   | |  0.7
Evocations     | |  2.7

Action                   |  1- 3 |  4- 6 || total
-------------------------+-------+-------++-------
Melee: Unarmed           |    51 |       ||    51
       Bite              |    19 |       ||    19
       Club              |    67 |       ||    67
       Dagger            |    59 |     1 ||    60
 Fire: Blowgun           |     3 |       ||     3
 Stab: Sleeping          |     3 |       ||     3
  Eat: Chunk             |     5 |       ||     5
Armor: Robe              |    14 |       ||    14
       Ring mail         |    71 |     1 ||    72
Dodge: Dodged            |   131 |       ||   131

Table legend:
 A = Non-vault XP
 B = Vault XP
 C = Vault XP percentage of total XP
 D = Non-vault monster count
 E = Vault monster count
 F = Vault count percentage of total count
                 A         B        C        D         E       F
            +---------+---------+-------+---------+---------+-------
      Total |      95 |       0 |   0.0 |      39 |       0 |   0.0
            +---------+---------+-------+---------+---------+-------
        D:1 |      61 |       0 |   0.0 |      26 |       0 |   0.0
        D:2 |       9 |       0 |   0.0 |       5 |       0 |   0.0
        D:3 |      25 |       0 |   0.0 |       8 |       0 |   0.0
            +---------+---------+-------+---------+---------+-------
